 Dungeon Crawl Stone Soup version 0.28-a0-105-g49a0850c41 (webtiles) character file.

Game seed: 334131865328028203

105 pokeman the Magician (level 4, -2/25 HPs)
             Began as a Deep Elf Hedge Wizard on Aug 11, 2021.
             Slain by Grinder (3 damage)
             ... on level 3 of the Dungeon.
             The game lasted 00:04:50 (2651 turns).

pokeman the Magician (Deep Elf Hedge Wizard)        Turns: 2651, Time: 00:04:51

Health: -2/25      AC:  2    Str:  7    XL:     4   Next: 53%
Magic:  8/13       EV: 12    Int: 26    God:
Gold:   93         SH:  0    Dex: 14    Spells: 3/14 levels left

rFire   . . .      SeeInvis .   r - +1 flail (holy)
rCold   . . .      Faith    .   (no shield)
rNeg    . . .      Spirit   .   b - +0 robe
rPois   .          Reflect  .   c - +0 hat
rElec   .          Harm     .   (no cloak)
rCorr   .          Rampage  .   (no gloves)
Will    .....                   (no boots)
Stlth   ++........              (no amulet)
HPRegen 0.08/turn               n - +6 ring of intelligence
MPRegen 0.13/turn               (no ring)

@: no status effects
A: no striking features
a: no special abilities


You were on level 3 of the Dungeon.
You visited 1 branch of the dungeon, and saw 3 of its levels.

You collected 93 gold pieces.

Inventory:

Hand Weapons
 q - a +2 short sword of flaming
 r - a +1 flail of holy wrath (weapon)
Missiles
 a - 3 throwing nets
 d - 50 arrows
Armour
 b - a +0 robe (worn)
 c - a +0 hat (worn)
 o - a +0 buckler
Jewellery
 n - a +6 ring of intelligence (left hand)
Scrolls
 e - a scroll of fear {unknown}
 f - 2 scrolls of identify {unknown}
 g - a scroll of blinking {unknown}
 i - a scroll of vulnerability {unknown}
 p - a scroll of teleportation {unknown}
Potions
 h - a potion of cancellation {unknown}
 j - a potion of flight {unknown}
 k - a potion of mutation {unknown}
 l - a potion of resistance {unknown}
 m - a potion of curing {unknown}


   Skills:
 - Level 1.0 Fighting
 - Level 1.0 Armour
 + Level 2.8 Dodging
 - Level 2.4 Stealth
 * Level 5.7 Spellcasting
 + Level 2.3 Conjurations
 - Level 1.1 Summonings
 - Level 1.1 Translocations
 + Level 0.9 Fire Magic


You had 3 spell levels left.
You knew the following spells:

 Your Spells              Type           Power      Damage    Failure   Level
a - Magic Dart            Conj           76%        1d6       2%          1
b - Mephitic Cloud        Conj/Pois/Air  11%        N/A       16%         3
c - Call Imp              Summ           13%        N/A       7%          2
d - Blink                 Tloc           N/A        N/A       7%          2
e - Conjure Flame         Conj/Fire      15%        6-21      11%         3

Your spell library contained the following spells:

 Spells                   Type           Power      Damage    Failure   Level
 Slow                     Hex            7%         N/A       11%         2


Dungeon Overview and Level Annotations

Branches:
Dungeon (3/15)

Altars:
Trog

Shops:
D:1 *   D:2 [

Annotations:
D:3 Grinder


Message History

Your crimson imp closely misses Grinder.
Grinder hits you.
Unknown command.
You sock Grinder!
Grinder convulses.
Grinder is heavily wounded.
Your crimson imp hits Grinder.
Grinder gestures at you.
You shrug off the repeated paralysis!
Your white imp barely misses Grinder.
Unknown command.
You hit Grinder but do no damage.
Grinder is heavily wounded.
Your crimson imp closely misses Grinder.
Grinder gestures at you. You resist with significant effort.
Your white imp barely misses Grinder.
Your crimson imp barely misses Grinder.
Your white imp gestures at Grinder.
The puff of frost hits Grinder.
Grinder resists.
Grinder hits your white imp.
You hit Grinder.
Grinder convulses.
Grinder is severely wounded.
Your crimson imp blinks!
Grinder gestures at you.
You barely resist.
Your white imp hits Grinder.
Your white imp freezes Grinder.
Grinder completely resists.
Unknown command.
Unknown command.
You closely miss Grinder.
Grinder is severely wounded.
Grinder hits you.
You writhe in agony.
Your white imp hits Grinder.
Your white imp freezes Grinder.
Grinder resists.
Your white imp hits Grinder but does no damage.
Grinder barely misses your white imp.
Unknown command.
Unknown command.
You barely miss Grinder.
Grinder is almost dead.
Your crimson imp blinks!
Grinder hits you!
* * * LOW HITPOINT WARNING * * *
You writhe in agony.
You die...

.......+.# #.#.#
####+###### #.#.#
.....##+####.#.########
..........##.#........#
..........##.#........#
......§...##.#.#########
..........##.#.#........
..........##'#.#........
......5@.......#.[#.....
......5....5...†)..(....
...............').......
....)..>.......#.....#..
..............##........
..............##........
######........##########
##########


You could see Grinder (ally target), a friendly crimson imp (summoned) and a
friendly white imp (summoned).

Vanquished Creatures
  4 gnolls
  An adder (D:2)
  A worm (D:2)
  A dart slug (D:1)
  5 orcs
  4 endoplasms
  A goblin (D:3)
  3 hobgoblins
  5 jackals (D:2)
  3 kobolds
  3 quokkas
  5 ball pythons
  A bat (D:1)
  2 frilled lizards (D:1)
  6 rats
45 creatures vanquished.

Notes
Turn   | Place    | Note
-------+----------+-------------------------------------------
     0 | D:1      | pokeman the Deep Elf Hedge Wizard began the quest for the
                  | Orb.
     0 | D:1      | Reached XP level 1. HP: 10/10 MP: 7/7
   169 | D:1      | Found Ogimo's General Store.
   408 | D:1      | Reached XP level 2. HP: 16/16 MP: 4/9
   623 | D:1      | Found a faded altar of an unknown god.
  1439 | D:2      | Reached skill level 5 in Spellcasting
  1439 | D:2      | Reached XP level 3. HP: 20/20 MP: 6/11
  1443 | D:2      | Learned a level 3 spell: Mephitic Cloud
  1446 | D:2      | Learned a level 2 spell: Call Imp
  1449 | D:2      | Learned a level 2 spell: Blink
  1453 | D:2      | Learned a level 3 spell: Conjure Flame
  1588 | D:1      | Reached skill level 1 in Fighting
  1588 | D:1      | Reached skill level 1 in Armour
  1742 | D:1      | Reached XP level 4. HP: 25/25 MP: 5/13
  1932 | D:2      | Found Feocag's Antique Armour Shop.
  2443 | D:3      | Found a bloodstained altar of Trog.
  2617 | D:3      | Noticed Grinder
  2640 | D:3      | Paralysed by Grinder for 6 turns
  2651 | D:3      | HP: 1/25 [Grinder (9)]
  2651 | D:3      | Slain by Grinder

Illustrated notes

Levels and vault maps discovered:
D:1:      minmay_arrival_open_corners, layout_basic, serial_shops, shop,
          shapermc_ecumenical_altar_flowoftime, wad_floor_pattern_1,
          chequers_serial_rivers_room_a
D:2:      layout_rooms, serial_shops, nicolae_diamond_shop, wad_orctagon
D:3:      layout_basic, mainiacjoe_overflow_six_doors_small,
          mainiacjoe_overflow_alcove_2, kennysheep_generic_room_7, uniq_grinder

Skill      XL: |  1  2  3 |
---------------+----------+-----
Spellcasting   | 5 |  5.7
Fighting       | 1 |  1.0
Armour         | 1 |  1.0
Conjurations   | 2 |  2.3
Dodging        | |  2.8
Stealth        | |  2.4
Summonings     | |  1.1
Translocations | |  1.1
Fire Magic     | |  0.9

Action                   |  1- 3 |  4- 6 || total
-------------------------+-------+-------++-------
Melee: Dagger            |     2 |       ||     2
       Trident           |     7 |     2 ||     9
       Flail             |       |     6 ||     6
 Cast: Magic Dart        |    77 |    47 ||   124
       Mephitic Cloud    |     2 |       ||     2
       Blink             |     1 |       ||     1
       Call Imp          |       |     2 ||     2
 Stab: Confused          |     1 |       ||     1
Armor: Robe              |       |     4 ||     4
Dodge: Dodged            |     5 |     5 ||    10

Table legend: (Time is in decaauts)
 A = Elapsed time spent in this place.
 B = Non-inter-level travel time spent in this place.
 C = Inter-level travel time spent in this place.
 D = Time resting spent in this place.
 E = Time spent auto-exploring this place.
 F = Levels seen in this place.
 G = Mean time per level.
                   A        B        C        D        E       F      G
               +--------+--------+--------+--------+--------+-----+--------+
         Total |   2654 |   2573 |     81 |    120 |   2054 |   3 |  884.7 |
       Dungeon |   2654 |   2573 |     81 |    120 |   2054 |   3 |  884.7 |
               +--------+--------+--------+--------+--------+-----+--------+

Top non-repeatable levels by time:
     D:1: 1413 daAuts
     D:2: 996 daAuts
     D:3: 244 daAuts
